 Dungeon Crawl Stone Soup version 0.15-a0-198-g2f4809b (webtiles) character file.

64 PolkaDot the Caller (level 3, -5/24 HPs)
             Began as a Vampire Summoner on Apr 23, 2014.
             Slain by Sigmund
             ... wielding a +0,+0 scythe
              (13 damage)
             ... on Level 2 of the Dungeon.
             The game lasted 00:07:15 (1136 turns).

PolkaDot the Caller (Vampire Summoner)              Turns: 1136, Time: 00:07:15

HP  -5/24        AC  2     Str  7      XL: 3   Next:  0%
MP   3/6         EV 12     Int 18      God:
Gold 36          SH  0     Dex 14      Spells:  1 memorised,  5 levels left

rFire  . . .     SeeInvis +     m - +1,+0 dagger (drain)
rCold  . . .     Clarity  .     a - +0 robe
rNeg   + + .     Conserve .     (no shield)
rPois  .         rCorr    .     (no helmet)
rElec  .         rRot     .     (no cloak)
SustAb . .       Spirit   .     (no gloves)
rMut   .         Warding  .     (no boots)
Saprov . . .     Stasis   .     (no amulet)
MR     .....                    i - cursed ring of hunger
                                f - ring of positive energy {unknown}

@: not resistant to hostile enchantments, stealthy
A: fangs 3, see invisible, unbreathing
a: Bat Form


You were on level 2 of the Dungeon.
You were not thirsty.

You visited 1 branch of the dungeon, and saw 2 of its levels.

You collected 36 gold pieces.

Inventory:

Hand weapons
 m - a +1,+0 dagger of draining (weapon)
Armour
 a - a +0 robe (worn)
Scrolls
 e - 3 scrolls of blinking {unknown}
 g - a scroll of identify {unknown}
 j - a scroll of teleportation {unknown}
 k - a scroll of recharging {unknown}
 n - a scroll of remove curse {unknown}
 o - a scroll of enchant armour {unknown}
 p - a scroll of amnesia {unknown}
Jewellery
 f - a ring of positive energy (left hand) {unknown}
 i - a cursed ring of hunger (right hand)
Potions
 c - a potion of degeneration {unknown}
 d - a potion of resistance {unknown}
 h - a potion of restore abilities {unknown}
Books
 b - a book of Callings

   Spells                             Type                      Level
   *Summon Small Mammal               Summoning                    1
   Call Imp                           Summoning                    2
   Call Canine Familiar               Summoning                    3
   Summon Guardian Golem              Hexes/Summoning              4
   Summon Lightning Spire             Summoning/Air                4
   Summon Ice Beast                   Ice/Summoning                4


   Skills:
 - Level 2.1 Dodging
 - Level 3.0 Stealth
 - Level 2.0 Spellcasting
 + Level 5.0 Summonings


You had 5 spell levels left.
You knew the following spells:

 Your Spells              Type           Power        Failure   Level  Hunger
a - Summon Small Mammal   Summ           ###.         1%          1    #......


Dungeon Overview and Level Annotations

Branches:
Dungeon (2/15)

Altars:

Annotations:
D:2 Sigmund


Innate Abilities, Weirdness & Mutations

You have razor-sharp teeth.*
You have supernaturally acute eyesight.
You can survive without breathing.*


Message History

You feel better. Something misses your quokka. Sigmund barely misses you.
Casting: Summon Small Mammal
Confirm with . or Enter, or press ? or * to list all spells.
Casting: Summon Small Mammal
Confirm with . or Enter, or press ? or * to list all spells.
* * * LOW MAGIC WARNING * * *
Your bat closely misses Sigmund.
Sigmund hits you with a scythe!
Ouch! That really hurt!
Your bat hits Sigmund.
Sigmund giggles. "Time to reap what you sow."
Sigmund misses you.
You closely miss Sigmund.
Sigmund is almost dead.
Your bat closely misses Sigmund.
Your quokka barely misses Sigmund.
You completely miss Sigmund.
Sigmund is almost dead.
Your bat closely misses Sigmund.
Sigmund hits you with a scythe!
Ouch! That really hurt!
You die...

##.#####.# .P.. .#
#.....#.# ..##
#.....#.#### #
#.....#.#..
#.....#.#.#
#.....#.#.###
#......b....#
##.....#@#.#.#
........r@r+........
...................
....##.#.........#
... #.#....#.#### P.
#.#....+.# #.#....#
# .#..... ......♣
#.#.


You could see Sigmund, 2 friendly quokkas and a friendly bat.

Vanquished Creatures
  3 bats (D:1)
  A hobgoblin (D:1)
  2 ball pythons
  3 giant cockroaches (D:1)
  2 giant newts (D:1)
  5 goblins
  2 kobolds (D:1)
  5 rats (D:1)
23 creatures vanquished.

Vanquished Creatures (collateral kills)
  A giant gecko (D:1)
  An ooze (D:1)
  A giant cockroach (D:1)
  A goblin (D:1)
  A hobgoblin (D:1)
  2 kobolds (D:1)
  A rat (D:1)
8 creatures vanquished.

Vanquished Creatures (others)
  3 bats (D:1)
  2 quokkas (D:2)
  2 rats (D:1)
7 creatures vanquished.

Grand Total: 38 creatures vanquished

Notes
Turn   | Place    | Note
--------------------------------------------------------------
     0 | D:1      | PolkaDot, the Vampire Summoner, began the quest for the Orb.
     0 | D:1      | Reached XP level 1. HP: 13/13 MP: 3/3
   322 | D:1      | Reached XP level 2. HP: 16/19 MP: 0/4
  1040 | D:2      | Reached skill level 5 in Summonings
  1040 | D:2      | Reached XP level 3. HP: 18/24 MP: 6/6
  1106 | D:2      | Noticed Sigmund
  1121 | D:2      | HP: 1/24 [Sigmund/puff of flame (11)]
  1136 | D:2      | Slain by Sigmund

Action                   || total
-------------------------++-------
Melee: Unarmed           ||    20
       Club              ||    90
       Dagger            ||    14
 Cast: Summon Small Mamm ||    23
  Use: Potion            ||     4
 Stab: Sleeping          ||     2
